 Dungeon Crawl Stone Soup version 0.30-a0-540-g0af01429fa (webtiles) character file.

Game seed: 3457674497613247040

95 arthad the Digger (level 4, -11/32 HPs)
             Began as a Gnoll Earth Elementalist on Dec 25, 2022.
             Mangled by Terence
             ... wielding a +0 trident
              (13 damage)
             ... on level 3 of the Dungeon.
             The game lasted 00:05:28 (1596 turns).

arthad the Digger (Gnoll Earth Elementalist)        Turns: 1596, Time: 00:05:29

Health: -11/32     AC:  2    Str: 14    XL:     4   Next: 66%
Magic:  8/11       EV: 17    Int: 16    God:
Gold:   125        SH:  0    Dex: 12    Spells: 9/13 levels left

rFire   + . .      SeeInvis .    c - +0 dagger (freeze)
rCold   + . .      Faith    .    (no shield)
rNeg    . . .      Spirit   .    a - +0 robe
rPois   +          Reflect  .    (no helmet)
rElec   +          Harm     .    (no cloak)
rCorr   +          Rampage  .    (no gloves)
Will    .....                    (no boots)
Stlth   +++                      (no amulet)
HPRegen 0.25/turn                h - +6 ring of strength
MPRegen 0.12/turn                p - +4 ring of evasion

@: mighty, resistant, flying, very slightly contaminated, hasted, very quick
A: fangs 1, strong nose, distributed training
a: no special abilities


You were on level 3 of the Dungeon.
You visited 1 branch of the dungeon, and saw 3 of its levels.

You collected 125 gold pieces.

Inventory:

Hand Weapons
 c - a +0 dagger of freezing (weapon)
Missiles
 i - 14 poisoned darts
Armour
 a - a +0 robe (worn)
 r - an orb of energy
 u - a +1 leather armour of poison resistance
Jewellery
 h - a +6 ring of strength (left hand)
 p - a +4 ring of evasion (right hand)
Scrolls
 b - 2 scrolls of teleportation {unknown}
 d - a scroll of enchant armour {unknown}
 e - a scroll of poison {unknown}
 f - a scroll of identify {unknown}
 g - a scroll of noise {unknown}
 n - 2 scrolls of immolation {unknown}
 s - a scroll of vulnerability {unknown}
Potions
 j - a potion of flight
 o - a potion of cancellation {unknown}
 q - a potion of mutation {unknown}
 t - a potion of degeneration {unknown}
 v - a potion of resistance


   Skills:
 + Level 1.2 Fighting
 + Level 1.2 Short Blades
 + Level 1.2 Long Blades
 + Level 1.2 Axes
 + Level 1.2 Maces & Flails
 + Level 1.2 Polearms
 + Level 1.2 Staves
 + Level 1.2 Ranged Weapons
 + Level 1.2 Throwing
 + Level 1.2 Armour
 + Level 4.7 Dodging
 + Level 4.3 Stealth
 + Level 1.2 Shields
 + Level 1.2 Unarmed Combat
 + Level 5.1 Spellcasting
 + Level 1.0 Conjurations
 + Level 1.0 Hexes
 + Level 1.0 Summonings
 + Level 1.0 Necromancy
 + Level 1.0 Translocations
 + Level 2.3 Transmutations
 + Level 1.0 Fire Magic
 + Level 1.0 Ice Magic
 + Level 1.0 Air Magic
 + Level 5.5 Earth Magic
 + Level 1.0 Poison Magic
 + Level 1.4 Invocations
 + Level 1.2 Evocations


You had 9 spell levels left.
You knew the following spells:

 Your Spells              Type           Power      Damage    Failure   Level
a - Sandblast             Erth           42%        2d11      1%          1
b - Stone Arrow           Conj/Erth      28%        3d8       12%         3

Your spell library contained the following spells:

 Spells                   Type           Power      Damage    Failure   Level
 Passwall                 Tmut/Erth      13%        N/A       4%          2
 Slow                     Hex            28%        N/A       10%         1
 Confusing Touch          Hex            7%         N/A       28%         3
 Inner Flame              Hex/Fire       7%         N/A       28%         3
 Vampiric Draining        Necr           7%         2d6       28%         3
 Petrify                  Tmut/Erth      16%        N/A       30%         4
 Flame Wave               Conj/Fire      7%         2d5       67%         4
 Sticky Flame             Conj/Fire      7%         2d3       67%         4


Dungeon Overview and Level Annotations

Branches:
Dungeon (3/15)

Altars:

Annotations:
D:3 Terence


Innate Abilities, Weirdness & Mutations

You have very sharp teeth.
Your uncanny sense of smell can sniff out nearby items.
Your experience applies equally to all skills.


Message History

You throw a poisoned dart. The poisoned dart hits Terence.
Terence is lightly wounded.
Terence hits you from afar with a +0 trident!
Throw: 15 darts (poison)
Press: ? - help, Shift-Dir - straight line, f/p - Terence
Aim: Terence, wielding a +0 trident and wearing a +0 chain mail (lightly wounded, berserk, 64% to hit)
You throw a poisoned dart.
The poisoned dart barely misses Terence.
Terence barely misses you. Terence barely misses you. Terence misses you.
You completely miss Terence.
Terence is lightly wounded.
Terence hits you with a +0 trident.
You hit Terence but do no damage.
Terence is lightly wounded.
Terence completely misses you. Terence barely misses you.
You are too injured to fight recklessly!
You are too injured to fight recklessly!
Unknown command.
Casting: Sandblast (safe; 1% risk of failure)
Confirm with . or Enter, or press ? or * to list all spells.
Okay, then.
Aiming: Sandblast (safe; 1% risk of failure)
Press: ? - help, Q - select action, (/) - cycle Shift-Dir - straight line, f/p - Terence
Aim: Terence, wielding a +0 trident and wearing a +0 chain mail (lightly wounded, berserk, 87% to hit)
You miscast Sandblast.
You are very lightly contaminated with residual magic.
Nothing appears to happen.
Terence closely misses you.
Aiming: Sandblast (safe; 1% risk of failure)
Press: ? - help, Q - select action, (/) - cycle Shift-Dir - straight line, f/p - Terence
Aim: Terence, wielding a +0 trident and wearing a +0 chain mail (lightly wounded, berserk, 87% to hit)
The blast of sand hits Terence.
Terence is lightly wounded.
Terence closely misses you. Terence hits you with a +0 trident!
* * * LOW HITPOINT WARNING * * *
Okay, then.
It was a potion of haste.
You feel yourself speed up. Terence hits you with a +0 trident!
You die...

#.##.#..##...#
#.##.#.>...###
#.....#.####
####..#.##
#.....#####
##...#.....#
#......###.....
#.###.##
##########..
#.# #.#
#...@@.>....
#.# #.#
#.###.......
#.# #.# #.#
.#####.
#.###.#####.#
.#
#.#.........#
.#
#.#.#######.#
.# #.# ##.## .#
∆ #...##.#
#.#...#


You could see Terence (berserk).

Vanquished Creatures
  Jessica (D:2)
  An adder (D:2)
  4 dart slugs
  2 worms
  4 ball pythons
  7 bats
  8 endoplasms
  A giant cockroach (D:3)
  5 hobgoblins
  A jackal (D:2)
  5 kobolds
  A quokka (D:2)
  3 frilled lizards
  2 goblins (D:1)
  2 rats (D:2)
47 creatures vanquished.

Notes
Turn   | Place    | Note
-------+----------+-------------------------------------------
     0 | D:1      | arthad the Gnoll Earth Elementalist began the quest for the
                  | Orb.
     0 | D:1      | Reached XP level 1. HP: 13/13 MP: 6/6
   193 | D:1      | Reached XP level 2. HP: 20/20 MP: 4/7
   651 | D:2      | Noticed Jessica
   652 | D:2      | Killed Jessica
   653 | D:2      | Reached skill level 1 in Fighting
   653 | D:2      | Reached skill level 1 in Short Blades
   653 | D:2      | Reached skill level 1 in Long Blades
   653 | D:2      | Reached skill level 1 in Axes
   653 | D:2      | Reached skill level 1 in Maces & Flails
   653 | D:2      | Reached skill level 1 in Polearms
   653 | D:2      | Reached skill level 1 in Staves
   653 | D:2      | Reached skill level 1 in Ranged Weapons
   653 | D:2      | Reached skill level 1 in Throwing
   653 | D:2      | Reached skill level 1 in Armour
   653 | D:2      | Reached skill level 1 in Shields
   653 | D:2      | Reached skill level 1 in Unarmed Combat
   653 | D:2      | Reached skill level 5 in Spellcasting
   653 | D:2      | Reached skill level 1 in Invocations
   653 | D:2      | Reached skill level 1 in Evocations
   653 | D:2      | Reached XP level 3. HP: 26/26 MP: 6/9
   803 | D:2      | Learned a level 3 spell: Stone Arrow
   886 | D:2      | Reached XP level 4. HP: 32/32 MP: 6/11
  1091 | D:2      | Reached skill level 1 in Conjurations
  1091 | D:2      | Reached skill level 1 in Hexes
  1091 | D:2      | Reached skill level 1 in Summonings
  1091 | D:2      | Reached skill level 1 in Necromancy
  1091 | D:2      | Reached skill level 1 in Translocations
  1091 | D:2      | Reached skill level 1 in Fire Magic
  1091 | D:2      | Reached skill level 1 in Ice Magic
  1091 | D:2      | Reached skill level 1 in Air Magic
  1091 | D:2      | Reached skill level 1 in Poison Magic
  1581 | D:3      | Noticed Terence
  1596 | D:3      | Mangled by Terence

Illustrated notes

Levels and vault maps discovered:
D:1:      sevenhm_arrival_forest_fort_small_6, layout_basic,
          minmay_misc_feat_roman
D:2:      layout_rooms, minmay_quadrilaterals, uniq_jessica
D:3:      layout_loops_ring, kennysheep_vampire_church, zin_purify,
          slow_altar_2, serial_glass, glass_columns_a, glass_columns_b,
          glass_columns_a, glass_columns_a, uniq_natasha, uniq_grinder,
          uniq_terence, uniq_robin

Skill      XL: |  1  2  3  4 |
---------------+-------------+-----
Transmutations | 2 |  2.3
Fighting       | 1 |  1.2
Short Blades   | 1 |  1.2
Long Blades    | 1 |  1.2
Axes           | 1 |  1.2
Maces & Flails | 1 |  1.2
Polearms       | 1 |  1.2
Staves         | 1 |  1.2
Ranged Weapons | 1 |  1.2
Throwing       | 1 |  1.2
Armour         | 1 |  1.2
Shields        | 1 |  1.2
Unarmed Combat | 1 |  1.2
Spellcasting   | 5 |  5.1
Invocations    | 1 |  1.4
Evocations     | 1 |  1.2
Conjurations   | 1 |  1.0
Hexes          | 1 |  1.0
Summonings     | 1 |  1.0
Necromancy     | 1 |  1.0
Translocations | 1 |  1.0
Fire Magic     | 1 |  1.0
Ice Magic      | 1 |  1.0
Air Magic      | 1 |  1.0
Poison Magic   | 1 |  1.0
Dodging        | |  4.7
Stealth        | |  4.3
Earth Magic    | |  5.5

Action                   |  1- 3 |  4- 6 || total
-------------------------+-------+-------++-------
Melee: Dagger            |     9 |    10 ||    19
       Bite              |     2 |     1 ||     3
Throw: Dart              |       |     2 ||     2
 Cast: Sandblast         |    40 |    30 ||    70
  Use: Potion            |     1 |     5 ||     6
 Stab: Sleeping          |       |     1 ||     1
Armor: Robe              |       |     9 ||     9
Dodge: Dodged            |    13 |    38 ||    51

Table legend: (Time is in decaauts)
 A = Elapsed time spent in this place.
 B = Non-inter-level travel time spent in this place.
 C = Inter-level travel time spent in this place.
 D = Time resting spent in this place.
 E = Time spent auto-exploring this place.
 F = Levels seen in this place.
 G = Mean time per level.
                   A        B        C        D        E       F      G
               +--------+--------+--------+--------+--------+-----+--------+
         Total |   1628 |   1578 |     50 |      0 |   1268 |   3 |  542.7 |
       Dungeon |   1628 |   1578 |     50 |      0 |   1268 |   3 |  542.7 |
               +--------+--------+--------+--------+--------+-----+--------+

Top non-repeatable levels by time:
     D:2: 682 daAuts
     D:1: 655 daAuts
     D:3: 290 daAuts
